 Dungeon Crawl Stone Soup version 0.17-a0-1738-g82cdc46 (webtiles) character file.

70 TuckyLangle the Ruffian (level 4, -1/44 HPs)
             Began as a Troll Monk on Aug 30, 2015.
             Was an Initiate of Yredelemnul.
             Killed from afar by Sigmund (7 damage)
             ... with a wand of flame
             ... on level 3 of the Dungeon.
             The game lasted 00:07:23 (1739 turns).

TuckyLangle the Ruffian (Troll Monk)                Turns: 1739, Time: 00:07:23

Health: -1/44      AC:  5    Str: 19    XL:     4   Next: 4%
Magic:  3/3        EV: 10    Int:  6    God:    Yredelemnul [......]
Gold:   117        SH:  0    Dex: 13    Spells: 0 memorised, 3 levels left

rFire  . . .     SeeInvis .       - Unarmed
rCold  . . .     Clarity  .     a - +0 robe
rNeg   . . .     SustAt   .     (no shield)
rPois  .         Gourm    +     (helmet restricted)
rElec  .         Spirit   .     (no cloak)
rCorr  .         Warding  .     (gloves unavailable)
rMut   .         Stasis   .     (boots unavailable)
MR     .....                    (no amulet)
Stlth  +.........               (no ring)
                                (no ring)

@: not resistant to hostile enchantments, very unstealthy
A: unfitting armour, claws 3, fast metabolism 3, gourmand, regeneration 2,
shaggy fur 1, tough skin 2
a: Renounce Religion


You were on level 3 of the Dungeon.
You worshipped Yredelemnul.
Yredelemnul was noncommittal.
You were hungry.

You visited 1 branch of the dungeon, and saw 3 of its levels.

You collected 117 gold pieces.

Inventory:

Armour
 a - a +0 robe (worn)
 j - a +0 robe
Jewellery
 e - a cursed -3 ring of dexterity
 i - an uncursed ring of invisibility
Scrolls
 d - 3 scrolls of identify {unknown}
 h - 2 scrolls of remove curse
 l - a scroll of enchant armour {unknown}
Potions
 c - a potion of agility {unknown}
 f - a potion of degeneration {unknown}
 g - 2 potions of cure mutation {unknown}
 k - a potion of curing {unknown}
 m - a potion of might {unknown}
Comestibles
 b - 4 bread rations
 o - 2 chunks of flesh


   Skills:
 - Level 2.4(1.2) Fighting
 - Level 2.4(1.2) Dodging
 - Level 1.1(0.5) Stealth
 + Level 5.6(2.8) Unarmed Combat


You had 3 spell levels left.
You didn't know any spells.

Dungeon Overview and Level Annotations

Branches:
Dungeon (3/15)

Altars:
Ashenzari
Dithmenos
Fedhas
Sif Muna
Yredelemnul

Annotations:
D:3 Sigmund


Innate Abilities, Weirdness & Mutations

You are too large for most types of armour.
You have claws for hands.
Your metabolism is lightning-fast.
You like to eat raw meat.
You heal very quickly.
You are covered in fur (AC +1).
You have very tough skin (AC +2).


Message History

* * * LOW HITPOINT WARNING * * *
Read which item? (? for menu, Esc to quit)
Okay, then.
Drink which item? (? for menu, Esc to quit)
It was a potion of heal wounds.
You feel much better. Something hits you!
You closely miss something. You barely miss something. Something hits you!
You scratch something. Something hits you.
You miss something. You miss something.
You hear a zap.
A puff of flame appears from out of thin air!
The puff of flame hits you!
* * * LOW HITPOINT WARNING * * *
You barely miss something.
You hear a zap.
A puff of flame appears from out of thin air!
The puff of flame hits you!
You die...
Your body rises from the dead as a mindless zombie.

#.# #.# #.# #.# ######
##.# ###.#?. .<#
....#.#####.#
#.####...#..[#.#######
......#.#.....@{......
#......_.$#..#.####.##
......#.###..#.#
....#..%.....#.# ###
#..#.###.#.#
#..#.....#.#
#..####..#.#
#..#.....#.#
#..#..รท[.#


There were no monsters in sight!

Vanquished Creatures
  Jessica (D:2)
  A giant gecko (D:2)
  3 bats
  A giant cockroach (D:2)
  4 goblins
  7 hobgoblins
  8 jackals
  A quokka (D:2)
  A giant newt (D:2)
  5 kobolds (D:1)
  8 rats
  A spectral orc (D:2)
41 creatures vanquished.

Notes
Turn   | Place    | Note
--------------------------------------------------------------
     0 | D:1      | TuckyLangle the Troll Monk began the quest for the Orb.
     0 | D:1      | Reached XP level 1. HP: 22/22 MP: 0/0
   277 | D:1      | Reached XP level 2. HP: 23/29 MP: 1/1
   847 | D:2      | Found a faded altar to an unknown god.
   855 | D:2      | Became a worshipper of Ashenzari the Shackled
   855 | D:2      | Acquired Ashenzari's first power
   855 | D:2      | Acquired Ashenzari's second power
   880 | D:2      | Reached skill level 5 in Unarmed Combat
   881 | D:2      | Reached XP level 3. HP: 33/36 MP: 2/2
   923 | D:2      | Noticed Jessica
   944 | D:2      | Killed Jessica
  1102 | D:2      | Found a basalt altar of Yredelemnul.
  1120 | D:2      | Fell from the grace of Ashenzari
  1120 | D:2      | Became a worshipper of Yredelemnul the Dark
  1217 | D:2      | Found a deep blue altar of Sif Muna.
  1298 | D:2      | Found a shadowy altar of Dithmenos.
  1699 | D:3      | Found a blossoming altar of Fedhas.
  1702 | D:3      | Reached XP level 4. HP: 44/44 MP: 3/3
  1718 | D:3      | Noticed Sigmund
  1739 | D:3      | Killed from afar by Sigmund

Vault maps used:
D:1:      dpeg_arrival_circle_labyrinth_c, minmay_misc_feat_ornament
D:2:      yredelemnul_forgotten_temple_becter, nicolae_dithmenos_shadow_blocks,
          lemuel_blue_sif_altar, first_bread, ecumenical_altar_1, uniq_jessica
D:3:      lemuel_crystal_altar, nemelex_deck, uniq_sigmund

Action                   |  1- 3 |  4- 6 || total
-------------------------+-------+-------++-------
Melee: Unarmed           |    78 |    17 ||    95
  Use: Potion            |       |     1 ||     1
 Stab: Sleeping          |     5 |       ||     5
  Eat: Bread ration      |     1 |       ||     1
       Chunk             |     8 |       ||     8
